 Dungeon Crawl Stone Soup version 0.22-a0-126-g307c7c3 (webtiles) character file.

30594 KristoblXynda the Covert (level 13, 0/60 HPs)
             Began as a Felid Monk on Jan 30, 2018.
             Was the Champion of Nemelex Xobeh.
             Slain by a centaur warrior (12 damage)
             ... on level 14 of the Dungeon.
             The game lasted 01:13:23 (29500 turns).

KristoblXynda the Covert (Felid Monk)              Turns: 29500, Time: 01:13:24

Health: 0/60       AC:  7    Str: 10    XL:     13   Next: 21%
Magic:  27/27      EV: 34    Int: 13    God:    Nemelex Xobeh [******]
Gold:   1292       SH:  6    Dex: 24    Spells: 9/30 levels left
                                        Lives:  0   Deaths: 4

rFire    . . .     SeeInvis +     - Unarmed
rCold    + . .     Gourm    .   (shield unavailable)
rNeg     . . .     Faith    .   (armour unavailable)
rPois    .         Spirit   .   (helmet unavailable)
rElec    .         Reflect  +   (cloak unavailable)
rCorr    .         Harm     .   (gloves unavailable)
MR       +....     Clarity  +   (boots unavailable)
Stlth    ++++++....             m - +6 amulet of reflection
HPRegen  0.20/turn              s - +5 ring of dexterity
MPRegen  0.20/turn              l - +4 ring of evasion

@: quick
A: very small, no armour, no weapons or thrown items, stealth, claws 1, fangs 3,
icy blue scales 1, thin metallic scales 1, see invisible, carnivore, clarity,
speed 1, shaggy fur 3, slow metabolism 1, sharp paws
a: Triple Draw, Deal Four, Stack Five, Renounce Religion


You were on level 14 of the Dungeon.
You worshipped Nemelex Xobeh.
Nemelex Xobeh was exalted by your worship.
You were full.

You visited 4 branches of the dungeon, and saw 22 of its levels.

You collected 1292 gold pieces.

Inventory:

Jewellery
 l - a +4 ring of evasion (right paw)
 m - a +6 amulet of reflection (around neck)
 s - a +5 ring of dexterity (left paw)
 L - an uncursed ring of resist corrosion
Wands
 j - a wand of disintegration (22)
 v - a wand of clouds (4)
 A - a wand of scattershot (2)
 K - a wand of digging (14)
Scrolls
 d - a scroll of teleportation
 e - 3 scrolls of immolation
 k - 2 scrolls of amnesia
 y - a scroll of fear
 E - 3 scrolls of magic mapping
 F - 5 scrolls of remove curse
Potions
 h - a potion of brilliance {unknown}
 o - 3 potions of magic
 r - 3 potions of might
 u - 2 potions of flight
 w - a potion of agility
 z - a potion of cancellation {unknown}
 B - 5 potions of haste
Books
 t - the Handbook of Hexes
   (You acquired it on level 13 of the Dungeon)

   Spells                             Type                      Level
   a - Corona                         Hexes                        1
   b - Slow                           Hexes                        2
   c - Metabolic Englaciation         Hexes/Ice                    5
   d - Darkness                       Hexes                        6
   e - Invisibility                   Hexes                        6
Miscellaneous
 b - a crystal ball of energy
 c - a plain deck of summoning
 f - a legendary deck of summoning
 i - an ornate deck of escape {drawn: 1}
 p - a lightning rod (4/4)
 q - an ornate deck of escape
 C - an ornate deck of escape
 D - a sack of spiders
 G - a legendary deck of destruction
 H - a legendary deck of summoning
 J - an ornate deck of destruction {drawn: 4}
 M - an ornate deck of destruction
Comestibles
 a - 44 rations


   Skills:
 + Level 9.1 Fighting
 + Level 11.0 Dodging
 - Level 13.0 Stealth
 - Level 10.1 Unarmed Combat
 + Level 9.2 Spellcasting
 + Level 11.5 Hexes
 - Level 5.8 Transmutations
 + Level 8.5 Invocations
 - Level 10.0 Evocations


You had 9 spell levels left.
You knew the following spells:

 Your Spells              Type           Power        Failure   Level  Hunger
a - Tukima's Dance        Hex            #####...     1%          3    ##.....
b - Hydra Form            Tmut           ###.......   86%         6    #######
c - Darkness              Hex            #####.....   16%         6    #######
d - Invisibility          Hex            #####...     16%         6    #######


Dungeon Overview and Level Annotations

Branches:
Dungeon (14/15)            Temple (1/1) D:7            Lair (6/6) D:11
 Shoals (0/4) Lair:3        Snake (0/4) Lair:3        Slime (0/5) Lair:5
    Orc (1/2) D:10         Vaults (0/5) D:13

Altars:
Ashenzari
Cheibriados
Dithmenos
Elyvilon
Fedhas
Gozag
Hepliaklqana
Kikubaaqudgha
Makhleb
Nemelex Xobeh
Okawaru
Qazlal
Ru
Sif Muna
Trog
Uskayaw
Vehumet
Wu Jian
Xom
Yredelemnul
Zin
The Shining One

Shops:
D:5 %:%(   D:7 %   D:10 :   D:12 [

Annotations:
D:4 Pikel


Innate Abilities, Weirdness & Mutations

You cannot wear armour.
You are incapable of wielding weapons or throwing items.
Your paws allow you to move quietly. (Stealth)
You have sharp claws.
You have razor-sharp teeth.
You have supernaturally acute eyesight. (SInv)
You are carnivorous and can eat meat at any time.
You cover ground quickly.
Your thick and shaggy fur keeps you warm. (AC +3, rC+)
You have a slow metabolism.
Your sharp claws are effective at attacking unaware monsters.
You are partially covered in icy blue scales. (AC +2)
You are partially covered in thin metallic scales. (AC +2)
You possess an exceptional clarity of mind.


Message History

* * * LOW HITPOINT WARNING * * *
You claw the centaur warrior! You bite the centaur warrior.
The centaur warrior is severely wounded.
The centaur warrior completely misses you.
The centaur warrior hits you but does no damage.
You barely miss the centaur warrior.
The centaur warrior is severely wounded.
The centaur warrior completely misses you.
You claw the centaur warrior!
The centaur warrior is almost dead.
The centaur warrior hits you but does no damage.
You scratch the centaur warrior but do no damage.
You claw the centaur warrior. You bite the centaur warrior.
The centaur warrior is almost dead.
The centaur warrior completely misses you.
You scratch the centaur warrior but do no damage.
The centaur warrior is almost dead.
The centaur warrior hits you!
You die...
Your body disappears without a glow.

#.........).##.#.##..
............##.#.##..
#.#####.#.####.#.##.. #####.#
#.#.# #.#.##.. ......#####.#.#
#.#..... #........#.# #.####..
#....#####.. #<..##..
######....####### #.#.##.#
....(....c@.(## #.#.##.#
.#.##....##.(# #.#.##.#
####.#.##....###'#### #.#..#.#
..........#.........# #.#.##.#
..........#.........# #.#.##.#
..≈.......#.........# #.#.##.#
..≈.......#.....≈≈..# #.#.##..
..........#...≈§≈≈..# #.#.####
..§.......#....§≈§..#.#.#.....


You could see a centaur warrior.

Vanquished Creatures
  The ghost of KristoblXynda the Unseen, a journeyman NaGl of Ashenzari (D:12)
  2 hydras
  8 vault guards (D:13)
  The ghost of Conn321 the Arsonist, a journeyman OpFE of Sif Muna (D:11)
  6 two-headed ogres
  5 death yaks (Lair:3)
  An ogre mage (D:14)
  Urug (Lair:3)
  Nergalle (Lair:3)
  The ghost of KristoblXynda the Sneak, a novice NaGl of Trog (D:8)
  2 unseen horrors
  2 deep elf magi
  A harpy (shapeshifter) (D:13)
  5 cyclopes
  An ugly thing (D:13)
  An oklob plant (Lair:5)
  2 manticores
  4 black mambas
  A merfolk siren (Lair:3)
  Joseph (D:8)
  2 gargoyles
  8 spiny frogs
  A kobold demonologist (D:13)
  2 komodo dragons
  A freezing wraith (D:14)
  The ghost of KristoblXynda the Ruffian, a novice VSMo of Wu Jian (D:5)
  3 trolls
  Prince Ribbit (Lair:1)
  4 blink frogs
  3 slime creatures (D:13)
  10 hippogriffs
  A shadow (D:12)
  A basilisk (Lair:1)
  34 yaks
  5 hungry ghosts
  A fire elemental (D:14)
  A steam dragon (D:13)
  3 vampire mosquitoes (D:14)
  13 wargs (D:11)
  5 nagas (Lair:3)
  9 water moccasins
  12 orc warriors
  9 porcupines
  6 ice beasts
  A necrophage (D:7)
  2 black bears
  2 boggarts (D:14)
  2 centaurs
  5 ogres
  A phantom (D:12)
  7 crocodiles
  2 big kobolds
  2 gnoll sergeants
  13 bullfrogs
  6 scorpions
  A wyvern skeleton (D:12)
  18 killer bees
  5 spriggan skeletons (D:9)
  An electric eel (Lair:4)
  9 crimson imps
  A bullfrog zombie (D:7)
  A centaur zombie (D:6)
  4 hounds
  6 jellies
  5 orc priests
  A centaur skeleton (D:9)
  13 orc wizards
  6 iguanas
  9 worker ants
  A hound zombie (D:7)
  A hound skeleton (D:10)
  A worker ant zombie (D:8)
  12 gnolls
  15 adders
  7 river rats (D:5)
  2 shadow imps
  2 white imps
  5 oozes (D:9)
  2 worms
  3 dart slugs
  5 leopard geckos
  74 orcs
  8 giant cockroaches
  7 goblins
  5 hobgoblins
  4 jackals
  14 kobolds
  11 quokkas
  10 bats
  3 frilled lizards
  2 jackal skeletons
  A jackal zombie (D:8)
  21 rats
  2 butterflies (D:7)
  A fungus (Lair:3)
  3 plants
528 creatures vanquished.

Vanquished Creatures (collateral kills)
  A hydra (Lair:6)
  A death yak (Lair:3)
  A rime drake (Lair:6)
  3 blink frogs (Lair:3)
  8 yaks
  A water moccasin (Lair:3)
  2 crocodiles
  A bullfrog (Lair:3)
  3 crimson imps (D:12)
  4 orcs (D:11)
25 creatures vanquished.

Vanquished Creatures (others)
  An orc warlord (D:11)
  A minotaur (Lair:5)
  A troll (D:10)
  A dancing weapon (Lair:3)
  4 orc warriors (D:11)
  A centaur (D:10)
  An orc wizard (D:10)
  An orc priest (D:11)
  A river rat (D:5)
  4 orcs (D:11)
  7 fungi
  14 plants
37 creatures vanquished.

Grand Total: 590 creatures vanquished

Notes
Turn   | Place    | Note
-------+----------+-------------------------------------------
     0 | D:1      | KristoblXynda the Felid Monk began the quest for the Orb.
     0 | D:1      | Reached XP level 1. HP: 10/10 MP: 2/2
   134 | D:1      | Reached skill level 3 in Stealth
   146 | D:1      | Reached XP level 2. HP: 13/14 MP: 3/3
   669 | D:2      | Found a hazy altar of Hepliaklqana.
   735 | D:2      | Reached XP level 3. HP: 8/17 MP: 4/4
   921 | D:2      | Found a glowing silver altar of Zin.
   927 | D:2      | Found a snail-covered altar of Cheibriados.
  1243 | D:2      | Reached XP level 4. HP: 19/21 MP: 5/5
  1423 | D:3      | Found a deep blue altar of Sif Muna.
  1499 | D:3      | Found a radiant altar of Vehumet.
  1500 | D:3      | Found an ancient bone altar of Kikubaaqudgha.
  1529 | D:3      | Reached skill level 4 in Stealth
  1550 | D:3      | Reached skill level 5 in Dodging
  1646 | D:3      | Found a faded altar of an unknown god.
  1657 | D:3      | Reached XP level 5. HP: 8/25 MP: 6/6
  2087 | D:3      | Found a basalt altar of Yredelemnul.
  2501 | D:4      | Noticed Pikel
  2501 | D:4      | Noticed a slave
  2501 | D:4      | Noticed a slave
  2501 | D:4      | Noticed a slave
  2501 | D:4      | Noticed a slave
  2599 | D:4      | Found a shimmering altar of Xom.
  2670 | D:4      | Found a blossoming altar of Fedhas.
  2671 | D:4      | Noticed a centaur
  2775 | D:4      | Found a sacrificial altar of Ru.
  2830 | D:4      | Reached skill level 5 in Stealth
  2830 | D:4      | Gained mutation: You are covered in thick fur. (AC +2) [Felid growth]
  2830 | D:4      | Reached XP level 6. HP: 15/28 MP: 7/7
  4000 | D:5      | Entered Level 5 of the Dungeon
  4005 | D:5      | Found Xiacomiu's Book Emporium.
  4507 | D:5      | Noticed KristoblXynda's ghost (novice VSMo)
  4813 | D:5      | Found Etap's Food Shoppe.
  4880 | D:5      | Reached XP level 7. HP: 27/33 MP: 8/8
  4962 | D:5      | Reached skill level 6 in Stealth
  5170 | D:5      | Found Ygaith's Food Shoppe.
  5220 | D:5      | Found Ichesih's Antique Weapon Shop.
  5343 | D:5      | Reached skill level 5 in Fighting
  5343 | D:5      | Reached skill level 5 in Unarmed Combat
  5710 | D:5      | Killed from afar by an orc priest
  5711 | D:5      | Reached XP level 6. HP: -3/30 MP: 7/7
  6409 | D:6      | Noticed an ice beast
  6419 | D:6      | Killed an ice beast
  6419 | D:6      | Reached skill level 1 in Evocations
  6419 | D:6      | Reached XP level 7. HP: 33/33 MP: 7/9
  6563 | D:6      | Reached skill level 7 in Stealth
  7004 | D:6      | Learned a level 3 spell: Tukima's Dance
  7351 | D:6      | Found an opulent altar of Gozag.
  7520 | D:7      | Slain by a water moccasin
  7521 | D:7      | Reached XP level 6. HP: 0/30 MP: 9/9
  7531 | D:7      | Found a staircase to the Ecumenical Temple.
  7538 | Temple   | Entered the Ecumenical Temple
  7716 | D:7      | Reached XP level 7. HP: 33/33 MP: 10/10
  7752 | D:7      | Reached skill level 8 in Stealth
  8212 | D:7      | Found Coelus's Food Shop.
  8396 | D:7      | Reached XP level 8. HP: 35/37 MP: 12/12
  8800 | D:8      | Noticed KristoblXynda's ghost (novice NaGl)
  8881 | D:5      | Killed KristoblXynda's ghost
  8881 | D:5      | Reached skill level 9 in Stealth
  9210 | D:8      | Noticed a two-headed ogre
  9226 | D:8      | Killed a two-headed ogre
  9226 | D:8      | Reached skill level 5 in Evocations
  9226 | D:8      | Reached XP level 9. HP: 40/40 MP: 12/14
  9474 | D:8      | Reached skill level 10 in Stealth
  9692 | D:8      | Noticed a two-headed ogre
  9697 | D:8      | Killed a two-headed ogre
  9697 | D:8      | Reached skill level 10 in Dodging
  9697 | D:8      | Reached skill level 1 in Spellcasting
  9882 | D:8      | Noticed Joseph
  9894 | D:8      | Killed Joseph
 10198 | D:8      | Killed KristoblXynda's ghost
 10198 | D:8      | Reached XP level 10. HP: 44/44 MP: 14/16
 11235 | D:9      | Reached skill level 1 in Hexes
 11679 | D:9      | Found a white marble altar of Elyvilon.
 11821 | D:9      | Noticed a two-headed ogre
 11854 | D:9      | Killed a two-headed ogre
 12714 | D:9      | Found a sparkling altar of Nemelex Xobeh.
 12837 | D:9      | Became a worshipper of Nemelex Xobeh the Trickster
 12837 | D:9      | Received a gift from Nemelex Xobeh
 12837 | D:9      | Reached * piety under Nemelex Xobeh
 12837 | D:9      | Received a gift from Nemelex Xobeh
 12837 | D:9      | Reached ** piety under Nemelex Xobeh
 13035 | D:10     | Entered Level 10 of the Dungeon
 13099 | D:10     | Found a staircase to the Orcish Mines.
 13429 | D:10     | Noticed a two-headed ogre
 13431 | D:10     | Found Wiloot's Book Shoppe.
 13434 | D:10     | Killed a two-headed ogre
 13434 | D:10     | Reached skill level 5 in Hexes
 13434 | D:10     | Reached skill level 1 in Invocations
 13434 | D:10     | Reached XP level 11. HP: 47/47 MP: 19/19
 13755 | D:10     | Found a glowing silver altar of Zin.
 13789 | D:10     | Reached skill level 5 in Spellcasting
 15227 | Orc:1    | Entered Level 1 of the Orcish Mines
 15227 | Orc:1    | Noticed an orc knight
 15352 | D:11     | Received a gift from Nemelex Xobeh
 15459 | D:11     | Noticed an unseen horror
 15466 | D:11     | Killed an unseen horror
 15506 | D:11     | Found a staircase to the Lair.
 15711 | D:11     | Noticed Conn321's ghost (journeyman OpFE)
 15721 | D:11     | Killed from afar by Conn321's ghost
 15722 | D:11     | Reached XP level 10. HP: -20/44 MP: 19/19
 15743 | D:11     | Killed Conn321's ghost
 16148 | D:11     | Reached *** piety under Nemelex Xobeh
 16270 | D:11     | Noticed an orc warlord
 16285 | D:11     | Killed an orc warlord
 16285 | D:11     | Reached skill level 10 in Unarmed Combat
 16285 | D:11     | Reached XP level 11. HP: 47/47 MP: 19/21
 16374 | D:11     | Received a gift from Nemelex Xobeh
 17216 | Lair:1   | Entered Level 1 of the Lair of Beasts
 17229 | Lair:1   | Learned a level 6 spell: Hydra Form
 17315 | Lair:1   | Received a gift from Nemelex Xobeh
 17695 | Lair:1   | Received a gift from Nemelex Xobeh
 17697 | Lair:1   | Noticed Prince Ribbit
 17762 | Lair:1   | Reached **** piety under Nemelex Xobeh
 17792 | Lair:1   | Killed Prince Ribbit
 18353 | Lair:1   | Noticed a four-headed hydra
 18361 | Lair:1   | Killed a four-headed hydra
 18955 | Lair:2   | Received a gift from Nemelex Xobeh
 19025 | Lair:2   | Reached skill level 5 in Invocations
 19074 | Lair:1   | Reached skill level 10 in Evocations
 19606 | Lair:2   | Reached skill level 1 in Transmutations
 19959 | Lair:2   | Received a gift from Nemelex Xobeh
 19978 | Lair:2   | Identified the Guide on the Arsonist
 20210 | Lair:3   | Noticed Urug
 20212 | Lair:3   | Killed Urug
 20212 | Lair:3   | Gained mutation: Your thick and shaggy fur keeps you warm. (AC +3, rC+) [Felid growth]
 20212 | Lair:3   | Reached XP level 12. HP: 53/53 MP: 23/23
 20439 | Lair:3   | Noticed Nergalle
 20470 | Lair:3   | Killed Nergalle
 20917 | Lair:3   | Found a staircase to the Snake Pit.
 21079 | Lair:3   | Noticed a death yak
 21079 | Lair:3   | Noticed a death yak
 21081 | Lair:3   | Noticed a death yak
 21089 | Lair:3   | Noticed a death yak
 21094 | Lair:3   | Noticed a death yak
 21095 | Lair:3   | Noticed a death yak
 21097 | Lair:3   | Killed a death yak
 21100 | Lair:3   | Killed a death yak
 21100 | Lair:3   | Reached skill level 10 in Hexes
 21102 | Lair:3   | Killed a death yak
 21102 | Lair:3   | Killed a death yak
 21104 | Lair:3   | Killed a death yak
 21108 | Lair:3   | Killed a death yak
 21448 | Lair:3   | Received a gift from Nemelex Xobeh
 21766 | Lair:3   | Found a staircase to the Shoals.
 21823 | Lair:3   | Got a translucent sapphire amulet
 22163 | Lair:4   | Received a gift from Nemelex Xobeh
 22227 | Lair:4   | Reached ***** piety under Nemelex Xobeh
 22688 | Lair:4   | Identified the amulet of Moitav {Faith rPois SInv} (You found it on level 3 of the Lair of Beasts)
 22856 | Lair:4   | Reached skill level 11 in Stealth
 22882 | Lair:4   | Received a gift from Nemelex Xobeh
 23489 | Lair:5   | Found a staircase to the Slime Pits.
 23492 | Lair:5   | Received a gift from Nemelex Xobeh
 23713 | Lair:5   | Noticed a six-headed hydra
 23777 | Lair:5   | Noticed a minotaur
 23777 | Lair:5   | a six-headed hydra changed into a minotaur
 23791 | Lair:5   | Killed a minotaur
 24265 | Lair:5   | Reached XP level 13. HP: 57/57 MP: 25/25
 24345 | Lair:6   | Entered Level 6 of the Lair of Beasts
 24438 | Lair:6   | Reached skill level 5 in Transmutations
 25265 | D:12     | Found Zyagg's Antique Armour Shop.
 25285 | D:12     | Noticed KristoblXynda's ghost (journeyman NaGl)
 25402 | D:12     | Killed KristoblXynda's ghost
 26060 | D:12     | Gained mutation: You possess an exceptional clarity of mind. [potion of mutation]
 26060 | D:12     | Gained mutation: You are partially covered in icy blue scales. (AC +2) [potion of mutation]
 26060 | D:12     | Gained mutation: You are partially covered in thin metallic scales. (AC +2) [potion of mutation]
 26138 | D:12     | Reached skill level 12 in Stealth
 26486 | D:13     | Received a gift from Nemelex Xobeh
 26612 | D:13     | Identified a scroll of acquirement
 26612 | D:13     | Identified the Handbook of Hexes (You acquired it on level 13 of the Dungeon)
 26924 | D:13     | Found a gate to the Vaults.
 27823 | D:13     | Slain by a vault guard
 27824 | D:13     | Reached XP level 12. HP: -2/56 MP: 26/26
 27937 | D:13     | Killed a vault guard
 28314 | D:13     | Reached XP level 13. HP: 29/60 MP: 27/27
 28476 | D:13     | Learned a level 6 spell: Darkness
 28483 | D:13     | Learned a level 6 spell: Invisibility
 28818 | D:14     | Received a gift from Nemelex Xobeh
 29146 | D:14     | Reached skill level 13 in Stealth
 29359 | D:14     | Reached ****** piety under Nemelex Xobeh
 29448 | D:14     | Received a gift from Nemelex Xobeh
 29500 | D:14     | Slain by a centaur warrior

Vault maps used:
D:1:      dpeg_arrival_chase
D:2:      lemuel_crystal_altar, gammafunk_temple_overflow_statue, first_ration
D:3:      old_standard_altar, lemuel_crystal_altar, minitemple,
          chequers_ecumenical_altar_simple
D:4:      brannock_xom_greatest_gift, fedhas_bush_and_centaur_altar,
          nicolae_ru_the_path_less_chosen, uniq_pikel
D:5:      lemuel_ratsnest, serial_shops, nicolae_shop_behind_doors,
          nicolae_shop_competitors_out_of_business, shop, shop, st_stairs_14
D:6:      grunt_gozag_breadcrumbs, minmay_misc_feat_more_columns
D:7:      minmay_temple_entry_butterflies, serial_shops,
          nicolae_shop_statue_plus
D:8:      uniq_joseph
D:9:      nemelex_xobeh_ov_fountains_minmay, kennysheep_mini,
          hangedman_little_slice_of_home, hangedman_tell_no_tales
D:10:     minmay_cornered_nines, erik_orc_4, serial_shops, shop, basic_altar
D:11:     lemuel_castle_with_subvaults, grunt_lair_entry_orc_guard_hut
D:12:     minmay_the_grid_triangle_9x9_recursive_2, serial_shops,
          nicolae_shop_statue_plus, minmay_nine_imps
D:13:     erik_vaults_2
Temple:   jpeg_temple_island
Lair:1:   beast_lair_carwin_8, serial_bayou_shore_b, uniq_prince_ribbit2
Lair:3:   minmay_shoals_entry_lonely_mermaid,
          minmay_snake_entry_guardpost_medium, uniq_nergalle, uniq_urug
Lair:4:   infiniplex_staircase_pool, grunt_megastairs_5, serial_bayou_shore_a
Lair:5:   minmay_slime_entry_oklob_open, lemuel_fruit_tree, lemuel_fruit_fields,
          infiniplex_staircase_pool_2
Lair:6:   hangedman_lair_in_review, minivault_24, grunt_megastairs_2,
          minmay_lair_oklob_chamber
Orc:1:    basic_altar, special_room

Skill      XL: |  1  2  3  4  5  6  7  8  9 10 11 12 13 |
---------------+----------------------------------------+-----
Stealth        | 3 4 5 8 9 10 11 13 | 13.0
Dodging        | 5 7 8 9 10 11 | 11.0
Unarmed Combat | 4 6 5 7 8 10 | 10.1
Fighting       | 4 5 6 7 9 |  9.1
Evocations     | 3 4 5 6 9 10 | 10.0
Spellcasting   | 2 6 7 9 |  9.2
Hexes          | 7 9 10 11 | 11.5
Invocations    | 3 5 6 8 |  8.5
Transmutations | 1 4 5 |  5.8

Action                   |  1- 3 |  4- 6 |  7- 9 | 10-12 | 13-15 || total
-------------------------+-------+-------+-------+-------+-------++-------
Melee: Unarmed           |   103 |   208 |   315 |   793 |   498 ||  1917
       Bite              |     8 |    23 |    34 |   121 |    77 ||   263
       Punch             |     1 |     5 |     8 |    44 |    33 ||    91
 Cast: Tukima's Dance    |       |       |       |    11 |       ||    11
 Abil: Evoke Berserk Rag |       |     1 |     4 |    22 |     1 ||    28
Evoke: Wand              |       |       |    11 |    45 |    19 ||    75
       Deck              |       |       |       |    26 |    32 ||    58
       Sack of spiders   |       |       |       |     1 |       ||     1
       Lightning rod     |       |       |       |       |     1 ||     1
  Use: Scroll            |       |     8 |     6 |    14 |    12 ||    40
       Potion            |       |     7 |     3 |     2 |     9 ||    21
 Stab: Sleeping          |     9 |    18 |    24 |    33 |    11 ||    95
       Distracted        |     1 |       |     2 |     5 |       ||     8
       Invisible         |       |     2 |       |       |       ||     2
       Paralysed         |       |       |     5 |    19 |     2 ||    26
       Petrifying        |       |       |       |     1 |     1 ||     2
  Eat: Chunk             |     8 |     6 |    26 |    61 |    14 ||   115
Armor: Skin              |     5 |    50 |    11 |    10 |    23 ||    99
Dodge: Dodged            |   105 |   167 |   247 |   730 |   420 ||  1669
Block: Other             |       |       |       |    13 |   112 ||   125
       Reflection        |       |       |       |       |     4 ||     4

Table legend:
 A = Spawn XP
 B = Non-spawn XP
 C = Spawn XP percentage of total XP
 D = Spawn monster count
 E = Non-spawn monster count
 F = Spawn count percentage of total count
 G = Total turns spent on level
                    A         B        C        D         E        F      G
               +---------+---------+-------+---------+---------+-------+---------
         Total |       0 |   77703 |   0.0 |       0 |     562 |   0.0 | 29500
               +---------+---------+-------+---------+---------+-------+---------
           D:1 |       0 |      32 |   0.0 |       0 |      21 |   0.0 |   655
           D:2 |       0 |      67 |   0.0 |       0 |      20 |   0.0 |   674
           D:3 |       0 |     201 |   0.0 |       0 |      25 |   0.0 |  1186
           D:4 |       0 |     236 |   0.0 |       0 |      15 |   0.0 |  2111
           D:5 |       0 |    1006 |   0.0 |       0 |      49 |   0.0 |  1361
           D:6 |       0 |     692 |   0.0 |       0 |      20 |   0.0 |  1758
           D:7 |       0 |    1087 |   0.0 |       0 |      23 |   0.0 |  1219
           D:8 |       0 |    3589 |   0.0 |       0 |      20 |   0.0 |  1413
           D:9 |       0 |    4953 |   0.0 |       0 |      50 |   0.0 |  2952
          D:10 |       0 |    3535 |   0.0 |       0 |      34 |   0.0 |  1831
          D:11 |       0 |    6569 |   0.0 |       0 |      64 |   0.0 |  1946
          D:12 |       0 |    4296 |   0.0 |       0 |      30 |   0.0 |  1392
          D:13 |       0 |   16847 |   0.0 |       0 |      56 |   0.0 |  2284
          D:14 |       0 |    5642 |   0.0 |       0 |      26 |   0.0 |   731
        Lair:1 |       0 |    4893 |   0.0 |       0 |      20 |   0.0 |  2004
        Lair:2 |       0 |    3393 |   0.0 |       0 |      17 |   0.0 |  1077
        Lair:3 |       0 |    9268 |   0.0 |       0 |      31 |   0.0 |  1932
        Lair:4 |       0 |    1811 |   0.0 |       0 |      11 |   0.0 |  1209
        Lair:5 |       0 |    5892 |   0.0 |       0 |      21 |   0.0 |  1289
        Lair:6 |       0 |    3694 |   0.0 |       0 |       9 |   0.0 |   342
               +---------+---------+-------+---------+---------+-------+---------
